 Dungeon Crawl Stone Soup version 0.28.0-45-g0d030f2227 (webtiles) character file.

Game seed: 11711202661886385637

70 Fartwhistle the Changer (level 4, 0/38 HPs)
             Began as a Naga Transmuter on Apr 15, 2022.
             Slain by a gnoll
             ... wielding a +0 spear
              (7 damage)
             ... on level 2 of the Dungeon.
             The game lasted 00:05:16 (2464 turns).

Fartwhistle the Changer (Naga Transmuter)           Turns: 2464, Time: 00:05:17

Health: 0/38       AC:  2    Str: 12    XL:     4   Next: 21%
Magic:  7/7        EV: 10    Int: 15    God:
Gold:   45         SH:  0    Dex: 12    Spells: 3/7 levels left

rFire   . . .      SeeInvis +     - Unarmed
rCold   . . .      Faith    .   (no shield)
rNeg    . . .      Spirit   .   a - +0 robe
rPois   +          Reflect  .   (helmet currently unavailable)
rElec   .          Harm     .   (no cloak)
rCorr   .          Rampage  .   (no gloves)
Will    .....                   (no barding)
Stlth   +.........              (no amulet)
HPRegen 0.12/turn               (no ring)
MPRegen 0.10/turn               (no ring)

@: short of breath, appendages (expiring), hasted, quick
A: horns 2, AC +1, large, see invisible, deformed body, poison resistance,
slowness 2, spit poison 1, naga tail 1
a: Spit Poison, End Transformation


You were on level 2 of the Dungeon.
You had temporarily grown beastly horns.
You visited 1 branch of the dungeon, and saw 2 of its levels.

You collected 45 gold pieces.

Inventory:

Armour
 a - a +0 robe (worn)
Scrolls
 b - 2 scrolls of identify {unknown}
 c - a scroll of vulnerability {unknown}


   Skills:
 - Level 1.0 Fighting
 - Level 1.5 Dodging
 - Level 3.0 Unarmed Combat
 - Level 2.0 Spellcasting
 + Level 4.1 Transmutations
 + Level 1.6 Poison Magic


You had 3 spell levels left.
You knew the following spells:

 Your Spells              Type           Power      Damage    Failure   Level
a - Beastly Appendage     Tmut           26%        N/A       4%          1
b - Spider Form           Tmut/Pois      10%        N/A       21%         3

Your spell library contained the following spells:

 Spells                   Type           Power      Damage    Failure   Level
 Wereblood                Tmut           13%        N/A       6%          2
 Ice Form                 Ice/Tmut       7%         N/A       67%         4


Dungeon Overview and Level Annotations

Branches:
Dungeon (2/15)

Altars:


Innate Abilities, Weirdness & Mutations

You have temporarily grown beastly horns.
Your serpentine skin is tough. (AC +1)
You have supernaturally acute eyesight. (SInv)
Armour fits poorly on your strangely shaped body.
Your system is resistant to poisons. (rPois)
You cover ground very slowly.
You can spit poison.
You have a snake-like lower body.


Message History

You closely miss the ball python.
The ball python bites you but does no damage.
The gnoll closely misses you.
You barely miss the ball python.
The ball python bites you but does no damage.
The gnoll closely misses you.
You hit the ball python. Your headbutt misses the ball python.
The ball python is moderately wounded.
You have got your breath back.
The ball python bites you. The gnoll barely misses you.
The ball python closely misses you.
You hit the ball python.
You headbutt the ball python, but do no damage.
The ball python is severely wounded.
The gnoll hits you from afar with a +0 spear!
* * * LOW HITPOINT WARNING * * *
The ball python bites you.
* * * LOW HITPOINT WARNING * * *
You hit the ball python.
You kill the ball python!
The gnoll closely misses you.
Your transformation is almost over.
The gnoll closely misses you.
You see here a ball python corpse.
You hit the gnoll.
The gnoll is lightly wounded.
The gnoll hits you with a +0 spear.
* * * LOW HITPOINT WARNING * * *
Aiming: Spit Poison (1% risk of failure)
Press: ? - help, Shift-Dir - straight line, f/p - gnoll
Aim: a gnoll, wielding a +0 spear (lightly wounded, 65% to hit)
The splash of poison hits the gnoll!
The gnoll is severely wounded.
The gnoll barely misses you.
It was a potion of haste.
You feel yourself speed up. The gnoll closely misses you.
You barely miss the gnoll.
The gnoll is severely wounded.
The gnoll hits you with a +0 spear!
You die...

.... .r.. ).. ###
#.# ..# ###.###
#.# #.....# #.#
#.#$..####.#
#####
#.###..........#
##...#########
#@##......#.####
#............#
#.gb....#.#.#
.......#####.#
####......# #
........# #.#
#.#....# #
.<......# #.#
#.#....#.#
()......# #.#
#.>......#
)......#####†####
###...####
#.....####......#
#...#
......##........#
#...#


You could see a gnoll and a bat.

Vanquished Creatures
  2 gnolls
  2 dart slugs (D:1)
  7 endoplasms
  4 giant cockroaches
  7 goblins
  2 hobgoblins
  3 quokkas
  2 ball pythons (D:2)
  2 bats (D:1)
  3 frilled lizards (D:1)
  5 kobolds
  5 rats (D:1)
44 creatures vanquished.

Notes
Turn   | Place    | Note
-------+----------+-------------------------------------------
     0 | D:1      | Fartwhistle the Naga Transmuter began the quest for the
                  | Orb.
     0 | D:1      | Reached XP level 1. HP: 18/18 MP: 3/3
   172 | D:1      | Reached XP level 2. HP: 21/25 MP: 3/5
   340 | D:1      | Reached skill level 3 in Transmutations
   701 | D:1      | Reached XP level 3. HP: 31/31 MP: 6/6
   792 | D:1      | Found a faded altar of an unknown god.
  1414 | D:1      | Learned a level 3 spell: Spider Form
  2019 | D:1      | Reached skill level 4 in Transmutations
  2019 | D:1      | Reached skill level 1 in Poison Magic
  2019 | D:1      | Reached XP level 4. HP: 17/38 MP: 7/7
  2464 | D:2      | Slain by a gnoll

Illustrated notes

Levels and vault maps discovered:
D:1:      amcnicky_arrival_choice, layout_loops_cross,
          hellmonk_ecumenical_altar_arch_garden
D:2:      layout_loops_cross

Skill      XL: |  1  2  3 |
---------------+----------+-----
Transmutations | 3 4 |  4.1
Poison Magic   | 1 |  1.6
Fighting       | |  1.0
Dodging        | |  1.5
Unarmed Combat | |  3.0
Spellcasting   | |  2.0

Action                   |  1- 3 |  4- 6 || total
-------------------------+-------+-------++-------
Melee: Unarmed           |   102 |     9 ||   111
       Headbutt          |     6 |     1 ||     7
       Punch             |     1 |       ||     1
 Cast: Beastly Appendage |    15 |     2 ||    17
 Abil: Spit Poison       |    29 |     5 ||    34
  Use: Potion            |       |     1 ||     1
Armor: Robe              |    20 |     4 ||    24
Dodge: Dodged            |    45 |    13 ||    58
